 Dungeon Crawl Stone Soup version 0.19-a0-706-g03de5d9 (webtiles) character file.

925 oplop the Magician (level 7, 0/38 HPs)
             Began as a Deep Elf Fire Elementalist on June 19, 2016.
             Slain by Blork the orc
             ... wielding a +0 mace
              (10 damage)
             ... on level 5 of the Dungeon.
             The game lasted 00:13:31 (4620 turns).

oplop the Magician (Deep Elf Fire Elementalist)     Turns: 4620, Time: 00:13:32

Health: 0/38       AC:  3    Str:  5    XL:     7   Next: 84%
Magic:  7/18       EV: 15    Int: 22    God:
Gold:   221        SH:  0    Dex: 15    Spells: 5 memorised, 5 levels left

rFire  . . .     SeeInvis .     o - +0 dagger
rCold  . . .     Gourm    .     a - +0 robe
rNeg   + . .     Faith    .     (no shield)
rPois  .         Spirit   .     g - +0 helmet
rElec  .         Dismiss  .     (no cloak)
rCorr  .         Reflect  .     (no gloves)
SustAt .         Harm     .     (no boots)
MR     .....                    (no amulet)
Stlth  ++........               (no ring)
                                y - ring of positive energy

@: very slightly contaminated, not resistant to hostile enchantments, unstealthy
A: no striking features
a: no special abilities


You were on level 5 of the Dungeon.
You were not hungry.

You visited 2 branches of the dungeon, and saw 6 of its levels.
You also visited: Ossuary.

You collected 221 gold pieces.

Inventory:

Hand Weapons
 o - a +0 dagger (weapon)
Armour
 a - a +0 robe (worn)
 g - a +0 helmet (worn)
Jewellery
 j - an uncursed amulet of magic regeneration {unknown}
 y - a ring of positive energy (left hand)
 B - a +3 ring of dexterity {unknown}
 F - an uncursed ring of fire {unknown}
Wands
 E - a wand of lightning (7/15)
 H - a wand of flame (15/48)
 I - a wand of polymorph (16/24)
 J - a wand of disintegration (9/24)
Scrolls
 e - a scroll of noise {unknown}
 i - 2 scrolls of enchant armour {unknown}
 k - 9 scrolls of identify {unknown}
 l - 2 scrolls of remove curse {unknown}
 m - 3 scrolls of enchant weapon {unknown}
 n - a scroll of random uselessness {unknown}
 q - 2 scrolls of fog {unknown}
 r - a scroll of recharging {unknown}
 s - a scroll of immolation {unknown}
 w - a scroll of blinking {unknown}
Potions
 p - 2 potions of might
 t - a potion of invisibility
 v - a potion of agility {unknown}
 x - 2 potions of curing
 z - 2 potions of heal wounds {unknown}
 A - 4 potions of lignification {unknown}
 C - a potion of brilliance {unknown}
 D - a potion of cure mutation {unknown}
 G - a potion of berserk rage {unknown}
Books
 b - a book of Flames

   Spells                             Type                      Level
   a - Flame Tongue                   Conjuration/Fire             1
   b - Throw Flame                    Conjuration/Fire             2
   c - Conjure Flame                  Conjuration/Fire             3
   d - Inner Flame                    Hexes/Fire                   3
   e - Sticky Flame                   Conjuration/Fire             4
   f - Fireball                       Conjuration/Fire             5
Comestibles
 c - 3 bread rations
 d - 5 meat rations
 f - 7 fruits
 h - a chunk of flesh
 u - a beef jerky


   Skills:
 - Level 1.0 Fighting
 + Level 5.7 Dodging
 - Level 2.5 Stealth
 + Level 6.3 Spellcasting
 + Level 4.9 Conjurations
 + Level 5.9 Fire Magic


You had 5 spell levels left.
You knew the following spells:

 Your Spells              Type           Power        Failure   Level  Hunger
a - Flame Tongue          Conj/Fire      ####.        1%          1    None
b - Throw Flame           Conj/Fire      ####..       1%          2    None
c - Conjure Flame         Conj/Fire      ####....     2%          3    #......
d - Sticky Flame          Conj/Fire      ####....     12%         4    ###....
e - Inner Flame           Hex/Fire       ###.....     10%         3    #......


Dungeon Overview and Level Annotations

Branches:
Dungeon (5/15)             Temple (1/1) D:5

Altars:
Ashenzari
Cheibriados
Dithmenos
Elyvilon
Fedhas
Gozag
Hepliaklqana
Kikubaaqudgha
Makhleb
Nemelex Xobeh
Pakellas
Qazlal
Ru
Sif Muna
Trog
Uskayaw
Xom
Yredelemnul
Zin
The Shining One

Annotations:
D:5 Blork the orc


Message History

You are very lightly contaminated with residual magic.
The air around you crackles with energy!
Blork the orc burns!
Blork the orc hits you but does no damage.
You hit Blork the orc but do no damage.
Blork the orc is heavily wounded.
Blork the orc burns!
Blork the orc hits you with a mace! Blork the orc hits you with a mace.
* * * LOW HITPOINT WARNING * * *
You hit Blork the orc.
Blork the orc is severely wounded.
Blork the orc burns!
You hear some strange, mumbled words.
A puff of frost appears from out of thin air!
The puff of frost hits you!
* * * LOW HITPOINT WARNING * * *
A puff of flame appears from out of thin air!
The puff of flame misses you.
You closely miss something. Something hits you!
You die...

........##.#.....#.#.#
.........#[##....#.#.#######
.........#..#8...'.#........
.........#.##....#.#........
...........#.....##.........
...........#_.⌠.##..†.......
...........#....#...#.......
#..........##..####.#.......
##.###......####@##.#...>...
....###......#......#.......
....###.#.........##########
........##.......##
....##...........#
#..###...........#
#..#...#.........#
#..#...#.........#
......####.##.##(# ###


There were no monsters in sight!

Vanquished Creatures
  Grinder (D:5)
  A centaur (D:5)
  A giant frog zombie (D:5)
  A quasit (D:5)
  An orc priest (D:4)
  2 hounds
  An orc wizard (D:4)
  A centaur skeleton (D:5)
  A giant frog skeleton (D:4)
  5 worker ants
  An iguana (D:4)
  5 gnolls
  11 adders
  A shadow imp (D:5)
  An ooze (D:1)
  2 adder skeletons (D:5)
  4 worms
  2 dart slugs
  3 giant geckos
  11 orcs
  A ball python (D:1)
  5 bats
  4 giant cockroaches
  6 goblins
  4 hobgoblins (D:2)
  16 jackals
  2 kobolds
  A quokka (D:5)
  A giant gecko skeleton (D:5)
  3 giant newts
  A hobgoblin zombie (Ossuary)
  2 orc zombies (Ossuary)
  7 rats
109 creatures vanquished.

Vanquished Creatures (others)
  A hound (D:5)
  An orc (D:5)
2 creatures vanquished.

Grand Total: 111 creatures vanquished

Notes
Turn   | Place    | Note
--------------------------------------------------------------
     0 | D:1      | oplop the Deep Elf Fire Elementalist began the quest for the Orb.
     0 | D:1      | Reached XP level 1. HP: 10/10 MP: 6/6
   102 | D:1      | Reached XP level 2. HP: 15/15 MP: 2/8
   275 | D:1      | Learned a level 2 spell: Throw Flame
   486 | D:1      | Reached XP level 3. HP: 20/20 MP: 6/9
  1144 | D:2      | Reached XP level 4. HP: 22/24 MP: 7/11
  1162 | D:2      | Found an oddly glowing altar of Pakellas.
  1221 | D:2      | Learned a level 3 spell: Conjure Flame
  1255 | D:2      | Reached skill level 1 in Fighting
  1436 | D:2      | Found a white marble altar of Elyvilon.
  1565 | D:2      | Reached skill level 4 in Spellcasting
  1709 | D:3      | Reached XP level 5. HP: 23/29 MP: 10/13
  1820 | D:3      | Found a burning altar of Makhleb.
  2001 | D:3      | Found a glowing silver altar of Zin.
  2192 | D:3      | Found a shadowy altar of Dithmenos.
  2478 | D:4      | Reached XP level 6. HP: 34/34 MP: 10/14
  2797 | D:4      | Learned a level 4 spell: Sticky Flame
  2801 | D:4      | Found a hide-covered altar of Uskayaw.
  2814 | D:4      | Reached skill level 5 in Spellcasting
  2831 | D:4      | Found a sand-covered staircase.
  2853 | Ossuary  | Entered an ossuary
  2860 | Ossuary  | Learned a level 3 spell: Inner Flame
  3216 | D:4      | Found a stormy altar of Qazlal.
  3294 | D:5      | Entered Level 5 of the Dungeon
  3294 | D:5      | Found a shimmering altar of Xom.
  3351 | D:5      | Noticed Grinder
  3355 | D:5      | Paralysed by Grinder for 6 turns
  3361 | D:5      | Killed Grinder
  3361 | D:5      | Reached skill level 5 in Fire Magic
  3361 | D:5      | Reached XP level 7. HP: 19/38 MP: 8/17
  3466 | D:5      | Reached skill level 5 in Dodging
  3498 | D:5      | Noticed Blork the orc
  4038 | D:5      | Reached skill level 6 in Spellcasting
  4054 | D:5      | Found a shattered altar of Ashenzari.
  4096 | D:5      | Found an opulent altar of Gozag.
  4097 | D:5      | Found a sparkling altar of Nemelex Xobeh.
  4161 | D:5      | Found a staircase to the Ecumenical Temple.
  4244 | D:5      | Found a hazy altar of Hepliaklqana.
  4245 | D:5      | Found a snail-covered altar of Cheibriados.
  4303 | Temple   | Entered the Ecumenical Temple
  4536 | D:5      | Found a sacrificial altar of Ru.
  4620 | D:5      | Slain by Blork the orc

Vault maps used:
D:1:      dpeg_arrival_shelter
D:2:      grunt_pakellas_mercury, nicolae_overflow_crystal_walls,
          kennysheep_decorative_pillar
D:3:      grunt_dithmenos_smoke_and_mirrors, marbit_many_paths, first_bread,
          makhleb_blood_cavern_becter
D:4:      eat_drink_and_be_merry_uskayaw, nicolae_qazlal_eye_of_the_storm,
          enter_ossuary_1
D:5:      grunt_temple_overflow_opulence, ashenzari_altar_1,
          nicolae_ru_awakened_eye, gammafunk_temple_overflow_pools,
          minmay_temple_entry_statues, xom_confusion_cloud, uniq_blork_the_orc,
          uniq_grinder
Temple:   hc_temple_tempest_star_small
Ossuary:  ossuary_tomb_3

Skill      XL: |  1  2  3  4  5  6  7 |
---------------+----------------------+-----
Dodging        | 3 4 5 |  5.7
Conjurations   | 2 3 4 |  4.9
Fighting       | 1 |  1.0
Spellcasting   | 4 5 6 |  6.3
Fire Magic     | 4 5 |  5.9
Stealth        | |  2.5

Action                   |  1- 3 |  4- 6 |  7- 9 || total
-------------------------+-------+-------+-------++-------
Melee: Unarmed           |     5 |       |       ||     5
       Dagger            |       |    59 |    64 ||   123
 Cast: Flame Tongue      |    53 |    74 |    21 ||   148
       Throw Flame       |     1 |    22 |     8 ||    31
       Conjure Flame     |       |     3 |     1 ||     4
       Sticky Flame      |       |     6 |    16 ||    22
       Inner Flame       |       |     1 |     2 ||     3
Evoke: Wand              |       |       |     1 ||     1
  Use: Potion            |       |     4 |       ||     4
 Stab: Sleeping          |       |     4 |       ||     4
  Eat: Chunk             |     1 |     2 |     6 ||     9
       Fruit             |       |     3 |       ||     3
       Royal jelly       |       |     1 |       ||     1
       Beef jerky        |       |     1 |       ||     1
Armor: Robe              |     4 |    19 |    29 ||    52
Dodge: Dodged            |    14 |    53 |    83 ||   150
